 Dungeon Crawl Stone Soup version 0.30.0-29-ga12c61a403 (webtiles) character file.

Game seed: 5413474459315300504

32 ChadusMaximus the Shooter (level 3, 0/28 HPs)
             Began as a Demonspawn Hunter on June 18, 2023.
             Slain by Terence
             ... wielding a +0 flail
              (3 damage)
             ... on level 2 of the Dungeon.
             The game lasted 00:01:14 (934 turns).

ChadusMaximus the Shooter (Demonspawn Hunter)        Turns: 934, Time: 00:01:15

Health: 0/28       AC:  3    Str: 11    XL:     3   Next: 10%
Magic:  3/3        EV: 12    Int: 10    God:
Gold:   53         SH:  0    Dex: 18    Spells: 2/2 levels left

rFire   . . .        a - +0 shortbow
rCold   . . .        (shield currently unavailable)
rNeg    . . .        c - +0 leather armour
rPois   .            (helmet restricted)
rElec   .            (no cloak)
rCorr   .            (no gloves)
SInv    .            (no boots)
Will    .....        (no amulet)
Stlth   ++           (no ring)
HPRegen 0.24/turn    (no ring)
MPRegen 0.16/turn

%: no passive effects
@: no status effects
A: horns 1, magic regeneration
a: no special abilities


You were on level 2 of the Dungeon.
You visited 1 branch of the dungeon, and saw 2 of its levels.

You collected 53 gold pieces.

Inventory:

Hand Weapons
 a - a +0 shortbow (weapon)
Armour
 c - a +0 leather armour (worn)
Jewellery
 g - a +6 ring of dexterity
Scrolls
 b - a scroll of immolation
 d - a scroll of teleportation {unknown}
 h - 2 scrolls of noise {unknown}
 i - 2 scrolls of identify {unknown}
 j - a scroll of amnesia {unknown}
 k - a scroll of enchant weapon {unknown}
Potions
 e - a potion of magic {unknown}
 f - a potion of heal wounds {unknown}


   Skills:
 + Level 2.5 Fighting
 + Level 3.8 Ranged Weapons
 + Level 2.2 Dodging
 + Level 1.6 Stealth


You had 2 spell levels left.
You didn't know any spells.
Your spell library contained the following spells:

 Spells                   Type           Power      Damage    Failure   Level
 Animate Dead             Necr           0%         N/A       99%         4
 Haunt                    Necr/Summ      0%         N/A       100%        7
 Infestation              Necr           0%         N/A       100%        8


Dungeon Overview and Level Annotations

Branches:
Dungeon (2/15)

Altars:

Annotations:
D:2 Terence


Innate Abilities, Weirdness & Mutations

You have a pair of small horns on your head.
You regenerate magic rapidly.


Message History

Terence is moderately wounded.
Terence closely misses you. Terence completely misses you.
You shoot an arrow.
The arrow hits Terence but does no damage.
Terence is moderately wounded.
Terence barely misses you.
You shoot an arrow. The arrow hits the goblin!
You kill the goblin!
Terence closely misses you.
You shoot an arrow.
The arrow hits Terence but does no damage.
Terence is moderately wounded.
Terence hits you with a +0 flail!
You shoot an arrow. The arrow hits Terence.
Terence is heavily wounded.
Terence screams, "I'm going to kill you!"
Terence misses you. Terence attacks as you move away!
Terence hits you with a +0 flail.
You are too injured to fight recklessly!
You are too injured to fight recklessly!
Fire: a) +0 shortbow
Press: ? - help, Q - select action Shift-Dir - straight line, f/p - Terence
Aim: Terence, wielding a +0 flail and wearing a +0 ring mail (heavily wounded, 66% to hit)
You shoot an arrow. The arrow closely misses Terence.
Terence barely misses you. Terence hits you with a +0 flail.
Fire: a) +0 shortbow
Press: ? - help, Q - select action Shift-Dir - straight line, f/p - Terence
Aim: Terence, wielding a +0 flail and wearing a +0 ring mail (heavily wounded, 66% to hit)
You shoot an arrow.
The arrow hits Terence but does no damage.
Terence is heavily wounded.
Terence completely misses you.
Fire: a) +0 shortbow
Press: ? - help, Q - select action Shift-Dir - straight line, f/p - Terence
Aim: Terence, wielding a +0 flail and wearing a +0 ring mail (heavily wounded, 66% to hit)
You shoot an arrow. The arrow closely misses Terence.
Terence barely misses you. Terence hits you with a +0 flail!
* * * LOW HITPOINT WARNING * * *
Terence attacks as you move away! Terence hits you with a +0 flail.
You die...

...##.# .. . ....#.# . .
...#.# . .############..#..
####. #.. ...........#..
.....##.# #.......#.#..
###...#.####.......#.##.
.......†................
#...#@###........#.###
#...#@##.........#<#
#.?.#.#..#.......### .
#...).#.##.......### ..
#.....#.##.........#
...#######.....#.##.........#
........##.....#.##........)#
.....?#........#.######.....#
............##.#......#.....#


You could see Terence.

Vanquished Creatures
  An adder (D:2)
  4 endoplasms (D:1)
  A giant cockroach (D:2)
  3 goblins
  3 hobgoblins
  A kobold (D:2)
  4 bats (D:1)
  A frilled lizard (D:1)
  2 rats (D:1)
20 creatures vanquished.

Notes
Turn   | Place    | Note
-------+----------+-------------------------------------------
     0 | D:1      | ChadusMaximus the Demonspawn Hunter began the quest for the
                  | Orb.
     0 | D:1      | Reached XP level 1. HP: 16/16 MP: 1/1
    59 | D:1      | Reached skill level 1 in Stealth
   177 | D:1      | Found a faded altar of an unknown god.
   186 | D:1      | Gained mutation: You have a pair of small horns on your
                  | head. [demonic ancestry]
   186 | D:1      | Reached XP level 2. HP: 22/22 MP: 2/2
   844 | D:2      | Gained mutation: You regenerate magic rapidly. [demonic
                  | ancestry]
   844 | D:2      | Reached XP level 3. HP: 28/28 MP: 3/3
   911 | D:2      | Noticed Terence
   934 | D:2      | Slain by Terence

Illustrated notes

Levels and vault maps discovered:
D:1:      dpeg_arrival_pits, layout_loops_corners, basic_ecumenical_altar
D:2:      layout_basic, uniq_robin, uniq_terence

Skill      XL: |  1 |
---------------+----+-----
Stealth        | 1 |  1.6
Dodging        | 2 |  2.2
Fighting       | |  2.5
Ranged Weapons | |  3.8

Action                     || total
---------------------------++-------
   Fire: Shortbow          ||    53
 Armour: Leather armour    ||     6
  Dodge: Dodged            ||    21
